Map: Eindringling LE

Players

lukat

  • Race: Terran Terran
  • League: Diamond
  • Spawn Location: 5:00

Panda - Winner!

  • Race: Zerg Zerg
  • League: Diamond
  • Spawn Location: 11:00

VOD

Have the link to the VOD?

Description

Time

  • Played on: Sept. 9, 2017, 4:13 p.m.
  • Length: 3:14
Show
View Real Time Build Order
Export as new Build Order

lukat Terran 

Build Orders: Reaper Expand 

Get SALT Encoding   

  12  0:01  SCV  
  13  0:13  SCV  
  14  0:23  Supply Depot  
  14  0:25  SCV  
  14  0:28  Refinery  
  15  0:44  SCV  
  15  0:46  Barracks  
  16  0:56  SCV  
  17  1:08  SCV  
  18  1:20  SCV  
  19  1:35  Orbital Command, Reaper  
  20  1:48  Command Center  
  20  1:59  Factory  
  20  2:06  SCV  
  16  2:42  Supply Depot  
  12  2:45  SCV  
  12  2:47  Hellion  
  14  2:57  SCV  
  15  3:04  Barracks Reactor  
Show
View Real Time Build Order
Export as new Build Order

Panda Zerg - Winner!

Build Orders: Pool Only 

Get SALT Encoding   

  12  0:01  Drone  
  13  0:19  Extractor  
  12  0:24  Spawning Pool  
  11  0:29  Drone  
  11  0:35  Drone  
  13  0:39  Drone  
  14  0:49  Overlord  
  14  1:11  Zergling x4  
  16  1:12  Zergling x2  
  16  1:18  Queen  
  19  1:27  Metabolic Boost  
  19  1:32  Zergling x2  
  20  1:37  Zergling x2  
  21  1:44  Zergling x2  
  22  1:54  Spine Crawler  
  22  1:57  Baneling Nest  
  21  2:02  Zergling x2  
  22  2:28  Zergling x4  
  21  2:32  Zergling x2  
  22  2:40  Overlord  
  22  2:41  Overlord  
Tags
 
Add a new tag
Caveats
  • Supply blocks, unpowered buildings, or Contaminate may cause inaccurate times.
  • Supply counts are checked every 10 seconds.